 Dungeon Crawl Stone Soup version 0.26.1-2-gb8aa6d0 (webtiles) character file.

Game seed: 14611928941360747995

3478 Geeful the Covert (level 10, -11/68 HPs)
             Began as an Octopode Delver on Mar 21, 2021.
             Was a Believer of Vehumet.
             Killed from afar by a manticore (26 damage)
             ... with a volley of spikes
             ... on level 8 of the Dungeon.
             The game lasted 00:31:10 (8615 turns).

Geeful the Covert (Octopode Delver)                 Turns: 8615, Time: 00:31:11

Health: -11/68     AC:  1    Str: 12    XL:     10   Next: 7%
Magic:  19/19      EV: 17    Int: 19    God:    Vehumet [**....]
Gold:   164        SH:  0    Dex: 14    Spells: 18/21 levels left

rFire    . . .     SeeInvis .   b - +3 quarterstaff of the Distant Future {freeze, Int+4 Stlth+}
rCold    . . .     Faith    .   (shield currently unavailable)
rNeg     + . .     Spirit   .   (helmet restricted)
rPois    .         Reflect  .   (no amulet)
rElec    .         Harm     .   u - ring of stealth
rCorr    .         Rampage  .   A - ring of positive energy
Will     .....                  (no ring)
Stlth    +++++++...             (no ring)
HPRegen  0.21/turn              (no ring)
MPRegen  0.16/turn              (no ring)
                                (no ring)
                                (no ring)

@: barbed spikes
A: almost no armour, stealthy swim, amphibious, 8 rings, constrict 8, camouflage
1, gelatinous body 1
a: Renounce Religion


You were on level 8 of the Dungeon.
You worshipped Vehumet.
Vehumet was pleased with you.
You visited 2 branches of the dungeon, and saw 9 of its levels.

You collected 575 gold pieces.
You spent 411 gold pieces at shops.

Inventory:

Hand Weapons
 a - a +3 dagger of freezing
 b - the +3 quarterstaff of the Distant Future (weapon) {freeze, Int+4 Stlth+}
   (You bought it in a shop on level 4 of the Dungeon)

   It has been specially enchanted to freeze those struck by it, causing extra
   injury to most foes and up to half again as much damage against particularly
   susceptible opponents.
   It can also slow down cold-blooded creatures.
   It affects your intelligence (+4).
   It makes you more stealthy.
 v - a +1 short sword of venom
 w - a +0 morningstar of flaming
 G - a +0 battleaxe of venom
Missiles
 n - 27 poisoned darts (quivered)
 F - 4 throwing nets
Armour
 E - a +0 buckler
Jewellery
 u - a ring of stealth (left tentacle)
 A - a ring of positive energy (right tentacle)
 C - an uncursed amulet of guardian spirit
Wands
 f - a wand of digging (3)
 h - a wand of acid (7)
 r - a wand of random effects (18)
Scrolls
 c - 5 scrolls of magic mapping
 d - 5 scrolls of fear
 k - 4 scrolls of teleportation
 m - 2 scrolls of enchant weapon
 o - a scroll of fog
 q - a scroll of immolation
 D - a scroll of amnesia
 J - a scroll of identify
Potions
 e - 4 potions of haste
 g - a potion of curing
 i - a potion of mutation {unknown}
 j - a potion of invisibility
 l - a potion of lignification
 p - a potion of heal wounds
 s - 2 potions of resistance
 x - 2 potions of berserk rage
 z - 2 potions of cancellation
 B - a potion of flight {unknown}
 H - a potion of attraction
 I - 2 potions of might


   Skills:
 - Level 6.0 Fighting
 - Level 2.0 Short Blades
 - Level 7.1 Dodging
 - Level 9.0 Stealth
 + Level 3.0 Shields
 - Level 6.2 Spellcasting
 - Level 5.7 Conjurations
 - Level 3.1 Fire Magic


You had 18 spell levels left.
You knew the following spells:

 Your Spells              Type           Power        Failure   Level
a - Searing Ray           Conj           54%          1%          2
b - Foxfire               Conj/Fire      88%          1%          1

Your spell library contained the following spells:

 Spells                   Type           Power        Failure   Level
 Mephitic Cloud           Conj/Pois/Air  13%          16%         3
 Magic Dart               Conj           100%         1%          1
 Dazzling Flash           Conj/Hex       32%          10%         3
 Fulminant Prism          Conj/Hex       8%           32%         4
 Iskenderun's Mystic Bla  Conj/Tloc      16%          32%         4


Dungeon Overview and Level Annotations

Branches:
Dungeon (8/15)             Temple (1/1) D:4
   Lair: D:8-11

Altars:
Ashenzari
Cheibriados
Dithmenos
Elyvilon
Fedhas
Hepliaklqana
Kikubaaqudgha
Nemelex Xobeh
Okawaru
Sif Muna
Trog
Vehumet
Wu Jian
Xom
Zin
The Shining One

Shops:
D:4 *   D:7 *


Innate Abilities, Weirdness & Mutations

You cannot wear most types of armour.
You are very stealthy in the water. (Stealth+)
You are amphibious.
You can wear up to eight rings at the same time.
You can use your tentacles to constrict eight enemies at once.
Your skin changes colour to match your surroundings (Stealth+).
Your rubbery body absorbs attacks. (AC +1, EV +1)


Message History

Press: ? - help, Shift-Dir - straight line, f - manticore
Aim: a manticore (chance to affect: 28%)
The manticore easily resists.
The now-empty wand crumbles to dust.
The manticore bites you!
The manticore misses you. x2; The iguana misses you.
Aiming: Corrosive Bolt
Press: ? - help, Shift-Dir - straight line, f - jelly, p - manticore
Aim: a jelly (0% to evade)
The bolt of acid hits the manticore!
The manticore is splashed with acid.
The manticore is moderately wounded.
The bolt of acid hits the jelly.
The jelly completely resists.
The manticore misses you. The manticore claws you. The manticore claws you!
* * * LOW HITPOINT WARNING * * *
The iguana barely misses you.
Blink to where?
Press: ? - help, Dir - move target, p - jelly
As you read the scroll of blinking, it crumbles to dust.
The manticore flicks its tail.
The volley of spikes hits you!!
The barbed spikes become lodged in your body.
You die...

####### #...... #.##### .
###### #....(. ..
#....###### #[.....
...##...... ..# #.†....
..........###.# #......
..#........@#.########......
..>....l....................
.#..##§...#######..##.....)
#.HJ## ##.######## #.#.#
#.## #.. #...# #..# ##..
#.### ##.# #.). #..
#.####..< ... #........


You could see a manticore, an iguana and a jelly.

Vanquished Creatures
  Harold (D:7)
  Maggie (D:7)
  Eustachio (D:4)
  An ice beast (D:7)
  A black bear (D:8)
  2 sky beasts
  2 ogres
  2 centaurs
  4 big kobolds
  A gnoll sergeant (D:8)
  2 killer bees (D:7)
  2 scorpions
  3 wights (D:6)
  4 hounds
  3 orc wizards
  A bullfrog skeleton (D:7)
  An orc priest (D:5)
  2 jellies
  Ijyb (D:4)
  2 iguanas
  6 worker ants
  2 hound zombies
  2 worker ant zombies
  5 gnolls (D:8)
  13 adders
  3 shadow imps
  3 white imps
  An ufetubus (D:7)
  2 oozes
  An adder skeleton (D:6)
  5 worms
  A dart slug (D:2)
  2 leopard geckos
  20 orcs
  5 bats
  6 giant cockroaches
  10 goblins
  4 hobgoblins
  6 jackals
  14 kobolds
  3 quokkas
  3 ball pythons
  7 frilled lizards
  A jackal zombie (D:5)
  2 leopard gecko skeletons
  9 rats
173 creatures vanquished.

Vanquished Creatures (collateral kills)
  An ice beast (D:7)
  A worker ant (D:7)
  A leopard gecko (D:7)
  An orc (D:7)
4 creatures vanquished.

Vanquished Creatures (others)
  An ogre (D:5)
  A centaur (D:5)
  2 killer bees (D:7)
  An orc (D:4)
  A quokka (D:5)
  9 foxfires (D:8)
15 creatures vanquished.

Grand Total: 192 creatures vanquished

Notes
Turn   | Place    | Note
-------+----------+-------------------------------------------
     0 | D:5      | Geeful the Octopode Delver began the quest for the Orb.
     0 | D:5      | Reached XP level 1. HP: 16/16 MP: 1/1
    55 | D:5      | Noticed a worker ant
    59 | D:5      | Killed a worker ant
    60 | D:5      | Reached XP level 2. HP: 11/21 MP: 1/3
   194 | D:4      | Noticed Eustachio
   223 | D:3      | Reached XP level 3. HP: 26/26 MP: 4/4
   353 | D:1      | Reached skill level 1 in Spellcasting
   502 | D:1      | Reached skill level 7 in Stealth
  1177 | D:2      | Reached XP level 4. HP: 31/31 MP: 5/5
  2043 | D:3      | Reached XP level 5. HP: 31/37 MP: 7/7
  2127 | D:3      | Found an ornate altar of the Wu Jian Council.
  2872 | D:4      | Found an ancient bone altar of Kikubaaqudgha.
  2938 | D:4      | Noticed Ijyb
  2950 | D:4      | Killed Ijyb
  3038 | D:4      | Found Enluqeta's Assorted Antiques.
  3054 | D:4      | Bought a scroll labelled WALOHY VYZAAT for 25 gold pieces
  3054 | D:4      | Bought a dazzling quarterstaff for 225 gold pieces
  3054 | D:4      | Identified the +3 quarterstaff of the Distant Future
                  | {freeze, Int+4 Stlth+} (You bought it in a shop on level 4
                  | of the Dungeon)
  3391 | D:4      | Found a staircase to the Ecumenical Temple.
  3400 | Temple   | Entered the Ecumenical Temple
  3422 | Temple   | Became a worshipper of Vehumet
  3513 | D:4      | Noticed an ogre
  3518 | D:4      | Killed an ogre
  3519 | D:4      | Reached XP level 6. HP: 43/43 MP: 9/9
  3526 | D:4      | Reached skill level 8 in Stealth
  3834 | D:4      | Killed Eustachio
  3835 | D:4      | Reached XP level 7. HP: 31/49 MP: 9/11
  3967 | D:5      | Found a bloodstained altar of Trog.
  4317 | D:5      | Found a shimmering altar of Xom.
  4323 | D:5      | Found a white marble altar of Elyvilon.
  4336 | D:5      | Reached skill level 5 in Fighting
  4458 | D:5      | Learned a level 2 spell: Searing Ray
  4558 | D:5      | Found an iron altar of Okawaru.
  4558 | D:5      | Found a bloodstained altar of Trog.
  4820 | D:6      | Identified the +5 ring mail "Bamek" {*Contam Will+ Str+2
                  | Int+2}
  4832 | D:6      | Reached * piety under Vehumet
  4832 | D:6      | Offered knowledge of Sandblast by Vehumet.
  5170 | D:6      | Reached skill level 9 in Stealth
  5170 | D:6      | Reached skill level 1 in Conjurations
  5170 | D:6      | Reached XP level 8. HP: 49/55 MP: 13/13
  5792 | D:6      | Found a hazy altar of Hepliaklqana.
  5794 | D:6      | Found a sparkling altar of Nemelex Xobeh.
  5852 | D:7      | Noticed Harold
  5869 | D:7      | Killed Harold
  5870 | D:7      | Reached skill level 5 in Dodging
  5870 | D:7      | Reached XP level 9. HP: 52/62 MP: 13/16
  6233 | D:7      | Reached skill level 5 in Spellcasting
  6641 | D:7      | Offered knowledge of Foxfire by Vehumet.
  6644 | D:7      | Learned a level 1 spell: Foxfire
  6812 | D:7      | Found Codoboi's General Store.
  6819 | D:7      | Bought a scroll of magic mapping for 49 gold pieces
  6819 | D:7      | Bought 2 potions of might for 112 gold pieces
  6888 | D:7      | Noticed Maggie
  6898 | D:7      | Killed Maggie
  6899 | D:7      | Reached skill level 1 in Fire Magic
  7014 | D:7      | Reached ** piety under Vehumet
  7150 | D:7      | Reached skill level 5 in Conjurations
  7304 | D:7      | Identified the cursed +1 leather armour "Rovagiv" {rPois
                  | rC+ rN+}
  8279 | D:8      | Found a blossoming altar of Fedhas.
  8365 | D:8      | Offered knowledge of Mephitic Cloud by Vehumet.
  8369 | D:8      | Reached skill level 1 in Shields
  8369 | D:8      | Reached XP level 10. HP: 68/68 MP: 19/19
  8608 | D:8      | Noticed a manticore
  8615 | D:8      | Killed from afar by a manticore

Illustrated notes

Levels and vault maps discovered:
D:1:      tarquinn_simple_flora_water_a, layout_loops_ring, serial_glass,
          glass_columns_a, glass_columns_c
D:2:      layout_rooms
D:3:      layout_loops_ring, lemuel_doored_altar
D:4:      layout_loops_corners, nicolae_overflow_crystal_walls,
          lemuel_temple_firewalk_b, serial_shops, shop, uniq_eustachio,
          uniq_ijyb
D:5:      layout_rooms, grunt_temple_overflow_bloody_war, xom_confusion_cloud,
          overflow_temple_1_default, elyvilon_altar_4, trog_book
D:6:      layout_basic, nicolae_overflow_hidden_temple, kennysheep_windowed_goal
D:7:      kennysheep_windowed_halls, layout_cave_pools, serial_shops, shop,
          uniq_maggie, uniq_harold
D:8:      minmay_chambers_of_sixes, layout_basic, kennysheep_little_box
Temple:   eino_wide_crystal_templ

Skill      XL: |  1  2  3  4  5  6  7  8  9 10 |
---------------+-------------------------------+-----
Spellcasting   | 1 2 3 4 6 |  6.2
Stealth        | 7 8 9 |  9.0
Dodging        | 3 4 5 7 |  7.1
Fighting       | 4 5 6 |  6.0
Conjurations   | 1 4 5 |  5.7
Fire Magic     | 3 |  3.1
Shields        | 1 3 |  3.0
Short Blades   | |  2.0

Action                   |  1- 3 |  4- 6 |  7- 9 | 10-12 || total
-------------------------+-------+-------+-------+-------++-------
Melee: Short sword       |    42 |    31 |       |       ||    73
       Constrict         |    12 |    11 |    43 |     3 ||    69
       Tentacles         |     3 |     7 |    44 |     5 ||    59
       Dagger            |       |    54 |   121 |     5 ||   180
       Quarterstaff      |       |     6 |    64 |    15 ||    85
       Battleaxe         |       |       |     6 |       ||     6
Throw: Dart              |       |       |    26 |       ||    26
 Cast: Searing Ray       |       |       |     2 |       ||     2
       Foxfire           |       |       |     4 |     3 ||     7
Evoke: Wand              |       |       |    13 |     2 ||    15
  Use: Scroll            |     4 |     7 |     9 |     1 ||    21
       Potion            |       |     3 |     1 |       ||     4
 Stab: Sleeping          |    13 |    24 |    15 |     1 ||    53
       Distracted        |       |       |     2 |       ||     2
       Paralysed         |       |       |     2 |       ||     2
Armor: Skin              |       |     5 |     4 |     1 ||    10
Dodge: Dodged            |    24 |    45 |   152 |    24 ||   245
